 Dungeon Crawl Stone Soup version 0.28-a0-511-gcc94558de3 (webtiles) character file.

Game seed: 8203767115985600615

61747 meatgazer the Schismatic (level 14, -11/118 HPs)
             Began as a Demonspawn Abyssal Knight on Sept 21, 2021.
             Was an Elder of Lugonu.
             Killed by divine providence
             ... invoked by an orc priest
              (13 damage)
             ... on level 2 of the Orcish Mines.
             The game lasted 00:54:14 (26184 turns).

meatgazer the Schismatic (DsAK)                    Turns: 26184, Time: 00:54:14

Health: -11/118    AC: 18    Str: 24    XL:     14   Next: 61%
Magic:  0/27       EV: 13    Int: 20    God:    Lugonu [****..]
Gold:   1555       SH:  5    Dex: 15    Spells: 31/31 levels left

rFire   + . .      SeeInvis +   o - +9 rapier of the Wraith {vamp, Str+2}
rCold   . . .      Faith    .   t - +0 buckler
rNeg    . . .      Spirit   +   b - +4 ring mail "Teute" {rF+ Int+5 SInv}
rPois   +          Reflect  .   g - +1 helmet
rElec   +          Harm     .   n - scarf {repulsion}
rCorr   .          Rampage  .   (no gloves)
Will    ++...                   (boots unavailable)
Stlth   ..........              I - amulet of regeneration
HPRegen 6.29/turn               m - ring "Wiogi" {rElec rPois Will+ Str+6}
MPRegen 0.40/turn               e - +4 ring of slaying

@: mighty, silenced, sanguine armoured, repel missiles
A: hooves 3, powered by death 2, magic shield, magic regeneration, sanguine
armour 1, clever 1, wild magic 1
a: Renounce Religion


You were on level 2 of the Orcish Mines.
You worshipped Lugonu.
Lugonu was greatly pleased with you.
You visited 3 branches of the dungeon, and saw 20 of its levels.
You visited the Abyss 1 time.
You also visited: Sewer.

You collected 2227 gold pieces.
You spent 672 gold pieces at shops.

Inventory:

Hand Weapons
 a - a +7 falchion
 o - the +9 rapier of the Wraith (weapon) {vamp, Str+2}
   (You found it on level 3 of the Lair of Beasts)

   It occasionally heals its wielder for a portion of the damage dealt when it
   wounds a living foe.
   Str:       It affects your strength (+2).
 C - the +4 great sword of Ocwih {freeze, Fly rElec Dex-3}
   (You bought it in a shop on level 12 of the Dungeon)

   It freezes those it strikes, dealing additional cold damage.
   It can also slow down cold-blooded creatures.
   Dex:       It affects your dexterity (-3).
   rElec:     It insulates you from electricity.
   Fly:       It grants you flight.
Missiles
 A - a throwing net
Armour
 b - the +4 ring mail "Teute" (worn) {rF+ Int+5 SInv}
   (You bought it in a shop on level 7 of the Dungeon)

   Int:       It affects your intelligence (+5).
   rF:        It protects you from fire.
   SInv:      It lets you see invisible.
 c - the +0 kite shield "Doonebit" {rPois Will+}
   (You found it on level 11 of the Dungeon)

   rPois:     It protects you from poison.
   Will:      It increases your willpower.
 g - a +1 helmet (worn)
 n - a scarf of repulsion (worn)
 t - a +0 buckler (worn)
Jewellery
 e - a +4 ring of slaying (right hand)
 m - the ring "Wiogi" (left hand) {rElec rPois Will+ Str+6}
   (You acquired it on level 8 of the Dungeon)

   [ring of willpower]

   Str:       It affects your strength (+6).
   rElec:     It insulates you from electricity.
   rPois:     It protects you from poison.
   Will:      It increases your willpower.
 q - a +4 ring of evasion
 v - a ring of magical power
 I - an amulet of regeneration (around neck)
Wands
 f - a wand of flame (82)
 i - a wand of acid (27)
 y - a wand of polymorph (6)
Scrolls
 k - 13 scrolls of identify
 l - a scroll of silence
 u - a scroll of enchant weapon
 x - 4 scrolls of amnesia
Potions
 d - 3 potions of ambrosia
 h - 4 potions of brilliance
 j - a potion of invisibility
 p - 2 potions of flight
 r - 3 potions of resistance
 z - a potion of haste
 B - 4 potions of curing
 K - a potion of might
Miscellaneous
 s - a phantom mirror (inert)


   Skills:
 * Level 13.0 Fighting
 * Level 7.1(9.3) Short Blades
 - Level 9.5(10.5) Long Blades
 - Level 5.0 Armour
 - Level 5.0 Dodging
 + Level 5.9 Shields
 + Level 9.2 Spellcasting
 - Level 15.1 Invocations
 + Level 6.6 Evocations


You had 31 spell levels left.
You didn't know any spells.
Your spell library contained the following spells:

 Spells                   Type           Power      Damage    Failure   Level
 Pain                     Necr           48%        1d6       17%         1
 Corpse Rot               Necr/Air       N/A        N/A       24%         2
 Poisonous Vapours        Pois/Air       24%        N/A       24%         2
 Dazzling Flash           Conj/Hex       24%        N/A       43%         3
 Animate Armour           Summ/Erth      24%        N/A       82%         4
 Agony                    Necr           12%        N/A       98%         5
 Excruciating Wounds      Necr           6%         N/A       98%         5
 Iskenderun's Battlesphe  Conj           12%        2d7       98%         5
 Silence                  Hex/Air        6%         N/A       98%         5
 Summon Forest            Summ/Tloc      6%         N/A       98%         5
 Summon Mana Viper        Hex/Summ       12%        N/A       98%         5
 Iron Shot                Conj/Erth      6%         9d2       100%        6
 Summon Cactus Giant      Summ           6%         N/A       100%        6
 Spellforged Servitor     Conj/Summ      6%         N/A       100%        7


Dungeon Overview and Level Annotations

Branches:
Dungeon (12/15)            Temple (0/1) D:5            Lair (6/6) D:11
 Shoals (0/4) Lair:2        Snake (0/4) Lair:3        Slime (0/5) Lair:6
    Orc (2/2) D:9             Elf (0/3) Orc:2         Sewer (visited)

Altars:
Elyvilon
Kikubaaqudgha
Nemelex Xobeh
Vehumet
The Shining One
Beogh

Shops:
D:4 (   D:5 *   D:7 *   D:12 (   Orc:1 *   Orc:2 (

Annotations:
D:6 1 runed translucent door, BigDaddyOpFi's ghost, novice TrEE
D:11 1 runed translucent door, snackwell's ghost, journeyman SpEE
Lair:5 2 transporters
Lair:6 corrupted
Orc:2 corrupted, Saint Roka
Abyss:1 Dowan; Prince Ribbit; Snorg; Urug


Innate Abilities, Weirdness & Mutations

You have hooves in place of feet.
You regenerate health from kills.
When hurt, damage is shared between your health and your magic reserves.
You regenerate magic rapidly.
When seriously injured, your bleeding wounds create armour. (AC +6)
Your mind is acute. (Int +2)
Your spells are a little harder to cast, but a little more powerful.


Message History

Unknown command.
The warg is engulfed in a cloud of scalding steam.
Flame seeps out of the warg.
A starcursed mass splits.
Something hits the small abomination!!
The small abomination is destroyed!
The small abomination disappears in a puff of smoke!
The warg bites you.
* * * LOW HITPOINT WARNING * * *
The small abomination hits the smoke demon but does no damage.
The smoke demon is engulfed in blazing flames.
The smoke demon hits the small abomination but does no damage. x3
Unknown command.
You puncture the warg!
You feel better. Lugonu accepts your kill.
The warg explodes!
The fiery explosion engulfs the warg!!
Lugonu accepts your kill. The fiery explosion engulfs you! You resist.
* * * LOW HITPOINT WARNING * * *
The warg explodes!
The fiery explosion engulfs you! You resist.
* * * LOW HITPOINT WARNING * * *
Saint Roka writhes in pain as voices assail their mind.
Saint Roka is engulfed in blazing flames.
Something barely misses the small abomination.
Magic scrolls do not work when you're silenced!
Okay, then.
Okay, then.
The smoke demon is engulfed in blazing flames.
The smoke demon hits the small abomination but does no damage. x3
The small abomination hits the smoke demon but does no damage.
The orc sorcerer mumbles some strange words.
Saint Roka is drained of life.
Saint Roka is engulfed in blazing flames.
Saint Roka mumbles some strange prayers to Beogh against you.
Beogh smites you!
* * * LOW HITPOINT WARNING * * *
The orc priest mumbles some strange prayers to Beogh against you.
Beogh smites you!
You die...

.......#.X######......
....X..XX4.##.##....# ###
..###.#.§#..○.§$#§..####.###
...L..X#§o..3)§......##....##
.#..*o.§..§T.x)§#_..........####
..GG3oX.##oo§#..........##.###.##
..o3x.o)ooooo§§§..R..#.....#....#
#hX..43#..o##§§.......#........##
o.ot54)4Xo###§§#@............####
.#5.#..p3X###§§#.............####
#....o#.#x..##................#.
#8..#.##p...#...................
#..... ##.∩#...................
#..... ####.##.........#..#.#.
..................####
..........#........##
.....................###


You could see Saint Roka (strong), a troll, a smoke demon (summoned), 2 orc
sorcerers, 2 orc warriors, 2 orc priests, a neutral rakshasa (summoned) and a
neutral small abomination (summoned).

Vanquished Creatures
  A boulder beetle (Lair:6)
  Erolcha (Orc:2)
  A hydra (Lair:6)
  3 centaur warriors (D:8)
  12 death yaks
  An obsidian statue (D:9)
  An orc knight (Orc:2)
  An oklob plant (Lair:5)
  5 elephants (Lair:5)
  An ugly thing (D:11)
  A cyclops (D:11)
  A merfolk siren (Lair:2)
  4 black mambas
  15 cane toads
  An unseen horror (D:8)
  3 torpor snails
  8 komodo dragons
  2 trolls
  2 polar bears
  Grinder (D:3)
  2 hornets
  6 slime creatures (D:12)
  26 blink frogs
  4 dream sheep (Lair:5)
  Sigmund (D:3)
  4 wyverns
  Eustachio (D:6)
  42 yaks
  A vampire (D:10)
  A wraith (D:8)
  2 basilisks
  4 vampire mosquitoes (D:10)
  5 wargs
  4 steam dragons
  3 acid dragons (D:9)
  Edmund (D:6)
  2 nagas (Lair:3)
  Duvessa (D:6)
  3 sky beasts
  17 water moccasins
  15 orc warriors
  3 black bears
  3 ice beasts
  6 ogres
  A necrophage (D:4)
  15 wolves
  2 phantoms (D:7)
  3 centaurs
  2 kobold brigands
  Blork the orc (D:4)
  A wyvern zombie (D:8)
  15 bullfrogs
  4 scorpions
  A water moccasin zombie (D:6)
  A wyvern skeleton (D:4)
  A water moccasin skeleton (D:5)
  15 wights
  9 howler monkeys
  2 electric eels
  7 crimson imps (D:10)
  A bullfrog zombie (D:7)
  6 centaur zombies
  Crazy Yiuf (D:4)
  11 orc priests
  2 hounds
  2 jellies
  2 bullfrog skeletons
  Jessica (D:3)
  3 centaur skeletons
  3 gnoll shamans
  Ijyb (D:4)
  3 iguanas
  A scorpion zombie (D:5)
  8 hell rats
  17 orc wizards
  Robin (D:2)
  3 howler monkey zombies
  4 gnolls (D:6)
  12 adders
  A river rat (Sewer)
  2 shadow imps
  3 white imps
  A worm (D:3)
  2 dart slugs (D:1)
  65 orcs
  8 bats
  6 endoplasms
  A giant cockroach (D:1)
  11 hobgoblins
  7 jackals
  10 kobolds
  5 quokkas
  7 ball pythons
  A frilled lizard (D:3)
  25 goblins
  10 rats
  A bush (Lair:5)
550 creatures vanquished.

Vanquished Creatures (collateral kills)
  A hornet (Lair:6)
  An orc warrior (Orc:2)
  An orc priest (Orc:2)
  An orc (Orc:2)
4 creatures vanquished.

Vanquished Creatures (others)
  2 lindwurms (Lair:6)
  3 torpor snails (Lair:6)
  3 tyrant leeches (Lair:6)
  3 hornets (Lair:6)
  3 orc warriors (Orc:2)
  2 orc priests (Orc:2)
  4 orc wizards (Orc:2)
  An orc (Orc:2)
  21 fungi
  44 plants
86 creatures vanquished.

Grand Total: 640 creatures vanquished

Notes
Turn   | Place    | Note
-------+----------+-------------------------------------------
     0 | Abyss:1  | meatgazer the Demonspawn Abyssal Knight began the quest for
                  | the Orb.
     0 | Abyss:1  | Reached XP level 1. HP: 18/18 MP: 2/2
    57 | Abyss:2  | Noticed a small abomination
    81 | Abyss:2  | Noticed a neqoxec
    84 | D:1      | Escaped the Abyss
   131 | D:1      | Reached skill level 1 in Dodging
   288 | D:1      | Gained mutation: You have large cloven feet. [demonic
                  | ancestry]
   288 | D:1      | Reached XP level 2. HP: 23/24 MP: 4/4
   402 | D:1      | Reached skill level 3 in Invocations
   486 | D:1      | Reached * piety under Lugonu
   942 | D:2      | Reached XP level 3. HP: 25/29 MP: 5/5
  1096 | D:2      | Noticed Robin
  1133 | D:2      | Killed Robin
  1134 | D:2      | Reached skill level 4 in Invocations
  1558 | D:2      | Reached XP level 4. HP: 35/35 MP: 7/7
  1717 | D:2      | Reached ** piety under Lugonu
  1805 | D:2      | Noticed a great orb of eyes
  1809 | D:2      | Found a faded altar of an unknown god.
  1811 | D:2      | Noticed a great orb of eyes
  1811 | D:2      | Noticed a floating eye
  1811 | D:2      | Noticed a floating eye
  2166 | D:3      | Noticed a black bear
  2174 | D:3      | Killed a black bear
  2175 | D:3      | Reached skill level 5 in Invocations
  2175 | D:3      | Gained mutation: You regenerate a little health from kills.
                  | [demonic ancestry]
  2175 | D:3      | Reached XP level 5. HP: 39/42 MP: 7/9
  2349 | D:3      | Found a sparkling altar of Nemelex Xobeh.
  2352 | D:3      | Found an ancient bone altar of Kikubaaqudgha.
  2573 | D:3      | Noticed Grinder
  2609 | D:3      | Killed Grinder
  2610 | D:3      | Reached skill level 6 in Invocations
  2610 | D:3      | Gained mutation: You regenerate health from kills. [demonic
                  | ancestry]
  2610 | D:3      | Reached XP level 6. HP: 4/49 MP: 10/10
  2894 | D:3      | Noticed Jessica
  2901 | D:3      | Killed Jessica
  2941 | D:3      | Noticed Sigmund
  2948 | D:3      | Killed Sigmund
  2949 | D:3      | Reached skill level 7 in Invocations
  2949 | D:3      | Gained mutation: You have hoof-like feet. [demonic
                  | ancestry]
  2949 | D:3      | Reached XP level 7. HP: 46/55 MP: 12/12
  3225 | D:3      | Gained mutation: Your mind is acute. (Int +2) [potion of
                  | mutation]
  3225 | D:3      | Gained mutation: Your spells are a little harder to cast,
                  | but a little more powerful. [potion of mutation]
  3297 | D:4      | Noticed Ijyb
  3307 | D:4      | Killed Ijyb
  3308 | D:4      | Reached skill level 5 in Fighting
  3400 | D:4      | Reached skill level 1 in Spellcasting
  3400 | D:4      | Reached skill level 8 in Invocations
  3439 | D:4      | Noticed Blork the orc
  3443 | D:4      | Killed Blork the orc
  3449 | D:4      | Reached *** piety under Lugonu
  3521 | D:4      | Found a glowing drain.
  3530 | Sewer    | Entered a sewer
  3617 | Sewer    | Reached XP level 8. HP: 58/62 MP: 14/14
  4155 | D:4      | Reached skill level 9 in Invocations
  4648 | D:4      | Reached **** piety under Lugonu
  4696 | D:4      | Found Bossaebb's Weapon Shoppe.
  4844 | D:4      | Found a runed translucent door.
  4845 | D:4      | Noticed Crazy Yiuf
  4852 | D:4      | Killed Crazy Yiuf
  5052 | D:5      | Entered Level 5 of the Dungeon
  5076 | D:5      | Found Lefoa's General Store.
  5407 | D:5      | Reached skill level 5 in Long Blades
  5411 | D:5      | Reached skill level 10 in Invocations
  5580 | D:5      | Found a staircase to the Ecumenical Temple.
  6342 | D:6      | Found a runed translucent door.
  6342 | D:6      | Noticed BigDaddyOpFi's ghost (novice TrEE)
  6788 | D:6      | Gained mutation: You regenerate magic rapidly. [demonic
                  | ancestry]
  6788 | D:6      | Reached XP level 9. HP: 56/69 MP: 16/16
  7017 | D:6      | Noticed Duvessa
  7028 | D:6      | Killed Duvessa
  7331 | D:6      | Reached skill level 11 in Invocations
  7367 | D:6      | Noticed Dowan
  7373 | D:6      | Banished Dowan
  8239 | D:6      | Noticed Edmund
  8248 | D:6      | Killed Edmund
  8382 | D:6      | Noticed Eustachio
  8392 | D:6      | Killed Eustachio
  8393 | D:6      | Reached skill level 12 in Invocations
  9048 | D:7      | Gained mutation: When hurt, damage is shared between your
                  | health and your magic reserves. [demonic ancestry]
  9048 | D:7      | Reached XP level 10. HP: 69/79 MP: 19/19
  9432 | D:7      | Found Vydwiuts's Assorted Antiques.
  9440 | D:7      | Bought a bloodstained ring mail for 306 gold pieces
  9440 | D:7      | Identified the +4 ring mail "Teute" {rF+ Int+5 SInv} (You
                  | bought it in a shop on level 7 of the Dungeon)
 10085 | D:8      | Reached skill level 5 in Spellcasting
 10396 | D:8      | Noticed a cyclops
 10397 | D:8      | Noticed a centaur warrior
 10398 | D:8      | Banished a cyclops
 10413 | D:8      | Killed a centaur warrior
 10414 | D:8      | Reached skill level 13 in Invocations
 10422 | D:8      | Noticed a centaur warrior
 10422 | D:8      | Noticed a centaur warrior
 10597 | D:8      | Killed a centaur warrior
 10801 | D:8      | Noticed a manticore
 10814 | D:8      | Banished a manticore
 10923 | D:8      | Noticed a red ugly thing
 10924 | D:8      | Banished a red ugly thing
 10925 | D:8      | Gained mutation: You have hooves in place of feet. [demonic
                  | ancestry]
 10925 | D:8      | Reached XP level 11. HP: 60/86 MP: 16/21
 11034 | D:8      | Identified a scroll of acquirement
 11034 | D:8      | Acquired the ring "Wiogi" {rElec rPois Will+ Str+6}
 11495 | D:8      | Reached skill level 14 in Invocations
 11707 | D:8      | Killed a centaur warrior
 11786 | D:8      | Noticed a six-headed hydra
 11788 | D:8      | Banished a six-headed hydra
 12162 | D:9      | Noticed an obsidian statue
 12508 | D:9      | Noticed a two-headed ogre
 12509 | D:9      | Banished a two-headed ogre
 12656 | D:9      | Noticed Prince Ribbit
 12661 | D:9      | Banished Prince Ribbit
 13346 | D:9      | Found a staircase to the Orcish Mines.
 13409 | D:9      | Noticed a sun demon
 13418 | D:9      | Killed an obsidian statue
 13559 | D:10     | Entered Level 10 of the Dungeon
 13586 | D:10     | Noticed a two-headed ogre
 13588 | D:10     | Banished a two-headed ogre
 13589 | D:10     | Reached skill level 15 in Invocations
 13852 | D:10     | Reached XP level 12. HP: 86/95 MP: 19/23
 13927 | D:10     | Identified the +7 mace "Lehir" {elec, Contam rF- rC++
                  | Str+4}
 14306 | D:11     | Reached skill level 5 in Dodging
 14339 | D:11     | Found a staircase to the Lair.
 14432 | D:11     | Got the Tome of Clay
 14455 | D:11     | Reached skill level 5 in Armour
 14640 | D:11     | Identified the +0 kite shield "Doonebit" {rPois Will+}
 14681 | D:11     | Found a runed translucent door.
 14681 | D:11     | Noticed snackwell's ghost (journeyman SpEE)
 14732 | D:11     | Reached skill level 1 in Evocations
 15307 | Lair:1   | Entered Level 1 of the Lair of Beasts
 16870 | Lair:1   | Reached skill level 1 in Shields
 16878 | Lair:1   | HP: 3/96 [komodo dragon (17)]
 17254 | Lair:1   | Noticed an eight-headed hydra
 17256 | Lair:1   | Banished an eight-headed hydra
 17745 | Lair:2   | Reached skill level 10 in Fighting
 17805 | Lair:2   | Noticed Urug
 17806 | Lair:2   | Banished Urug
 18756 | Lair:2   | Found a staircase to the Shoals.
 19072 | Lair:3   | Identified the +9 rapier of the Wraith {vamp, Str+2}
 19201 | Lair:3   | Found a staircase to the Snake Pit.
 19248 | Lair:3   | Gained mutation: When seriously injured, your bleeding
                  | wounds create armour. (AC +6) [demonic ancestry]
 19248 | Lair:3   | Reached XP level 13. HP: 104/104 MP: 24/24
 19306 | Lair:3   | Reached skill level 1 in Short Blades
 20386 | Lair:4   | Reached ***** piety under Lugonu
 21879 | Lair:5   | Reached skill level 5 in Evocations
 22010 | Lair:5   | Found a transporter.
 22057 | Lair:5   | Found a transporter.
 22302 | Lair:5   | Reached skill level 5 in Short Blades
 22857 | Lair:6   | Entered Level 6 of the Lair of Beasts
 22912 | Lair:5   | Reached skill level 5 in Shields
 22921 | Lair:5   | Reached XP level 14. HP: 107/115 MP: 10/26
 23887 | Lair:6   | Found a staircase to the Slime Pits.
 24080 | Lair:6   | Found a runed translucent door.
 24298 | Lair:6   | Paralysed by a hornet for 1 turns
 24527 | Lair:6   | Corrupted Lair:6
 24527 | Lair:6   | Noticed a tentacled monstrosity
 25131 | D:12     | Found Uskaugoe's Antique Weapon Emporium.
 25135 | D:12     | Bought a jewelled great sword for 310 gold pieces
 25135 | D:12     | Identified the +4 great sword of Ocwih {freeze, Fly rElec
                  | Dex-3} (You bought it in a shop on level 12 of the Dungeon)
 25355 | Orc:1    | Entered Level 1 of the Orcish Mines
 25355 | Orc:1    | Noticed Snorg
 25375 | D:9      | Banished Snorg
 25573 | Orc:1    | Found Wech's General Store.
 25648 | Orc:1    | Bought a scroll of immolation for 56 gold pieces
 25860 | Orc:1    | You fall into a shaft and drop 1 floor!
 25860 | Orc:2    | Entered Level 2 of the Orcish Mines
 25864 | Orc:2    | Noticed Erolcha
 25874 | Orc:2    | Killed Erolcha
 26010 | Orc:2    | Found a staircase to the Elven Halls.
 26102 | Orc:2    | Found a radiant altar of Vehumet.
 26172 | Orc:2    | Noticed Saint Roka
 26173 | Orc:2    | Found Jaakk's Antique Weapon Boutique.
 26175 | Orc:2    | Corrupted Orc:2
 26175 | Orc:2    | Noticed a lich
 26176 | Orc:2    | Noticed a tentacled starspawn
 26184 | Orc:2    | HP: 2/118 [Saint Roka/divine providence (15)]
 26184 | Orc:2    | Killed from afar by an orc priest

Illustrated notes

Levels and vault maps discovered:
D:1:      ncdulo_wetmaze, layout_basic
D:2:      layout_basic, hellmonk_ecumenical_altar_watching_god,
          minmay_heptomino_h4, uniq_robin
D:3:      layout_basic, nicolae_overflow_hidden_temple, minmay_diced_spiral,
          uniq_jessica, uniq_grinder, uniq_sigmund
D:4:      kennysheep_goblin_castle, layout_loops_ring, serial_shops,
          nicolae_shop_statue_plus, cheibrodos_sewer_entry_drain,
          minmay_tree_intersection, uniq_ijyb, uniq_blork_the_orc,
          uniq_crazy_yiuf_cottage
D:5:      layout_cave_pods, minmay_temple_entry_glassed_door, serial_shops, shop
D:6:      minmay_octagon_keep, layout_basic, ebering_ghost_sewer_d,
          uniq_duvessa, uniq_eustachio, uniq_edmund
D:7:      layout_loops_ring, serial_shops, nicolae_shop_overgrown_old_shop
D:8:      hangedman_cross_veins, layout_basic, serial_curves, eino_curves_04,
          eino_curves_01, eino_curves_02, eino_curves_03,
          chequers_serial_rivers_marsh
D:9:      layout_irregular_city, david_orc_4, minmay_statue_bubble,
          uniq_prince_ribbit1
D:10:     layout_roguey, mainiacjoe_overflow_24_doors,
          ebering_dispersal_statue_hall, chequers_serial_rivers_large_a,
          minmay_nine_imps
D:11:     layout_layer_cave, lair_entry_dummy, hellmonk_ghost_happy_afterlife
D:12:     layout_basic, serial_shops, shop
Lair:1:   statuecave_lemuel, layout_gridlike, grunt_megastairs_4,
          lemuel_fruit_fields, serial_bayou_shore_a
Lair:2:   layout_concentric_octagons, elwin_shoals_entry_rooms, uniq_urug
Lair:3:   layout_loops_ring, guppyfry_snake_entry_garden, serial_bayou_shore_b,
          serial_bayou_shore_b, serial_bayou_shore_b, serial_bayou_shore_b
Lair:4:   layout_cave_pods, infiniplex_staircase_pool
Lair:5:   gammafunk_worm_tunnel, layout_regular_city, minmay_lair_oklob_bushes,
          lemuel_fruit_fields
Lair:6:   wormcave, layout_regular_city, slime_dummy, grunt_megastairs_3
Orc:1:    layout_caves, serial_shops, shop, uniq_snorg
Orc:2:    grunt_orc_cross, layout_caves, basic_altar, uniq_erolcha

Skill      XL: |  1  2  3  4  5  6  7  8  9 10 11 12 13 14 |
---------------+-------------------------------------------+-----
Dodging        | 1 3 4 5 |  5.0
Armour         | 2 3 4 5 |  5.0
Long Blades    | 2 3 4 5 6 7 9 |  9.5
Invocations    | 3 4 5 6 7 8 10 12 13 15 | 15.1
Fighting       | 4 5 6 7 8 9 10 12 13 | 13.0
Spellcasting   | 1 3 4 5 6 7 8 9 |  9.2
Evocations     | 3 5 6 |  6.6
Shields        | 3 5 |  5.9
Short Blades   | 5 7 |  7.1

Action                   |  1- 3 |  4- 6 |  7- 9 | 10-12 | 13-15 || total
-------------------------+-------+-------+-------+-------+-------++-------
Melee: Falchion          |    65 |    66 |   417 |   595 |       ||  1143
       Kick              |     7 |    18 |    22 |   177 |   275 ||   499
       Rapier            |       |       |       |    17 |   619 ||   636
Throw: Throwing net      |       |       |       |       |     1 ||     1
Invok: Depart the Abyss  |     1 |       |       |       |       ||     1
       Banish            |       |       |     3 |    16 |    13 ||    32
       Bend Space        |       |       |       |     4 |     8 ||    12
       Corrupt           |       |       |       |       |     2 ||     2
Evoke: Wand              |       |       |       |    13 |    18 ||    31
       Phantom mirror    |       |       |       |       |     1 ||     1
  Use: Scroll            |     7 |     2 |     8 |    15 |    18 ||    50
       Potion            |     3 |     3 |     5 |     4 |     6 ||    21
 Stab: Sleeping          |     1 |     1 |     2 |       |       ||     4
       Distracted        |       |       |     1 |       |       ||     1
Armor: Leather armour    |    14 |    13 |   116 |       |       ||   143
       Steam dragon scal |       |       |     1 |     4 |       ||     5
       Ring mail         |       |       |       |   213 |   215 ||   428
Dodge: Dodged            |    36 |    39 |   364 |   424 |   415 ||  1278
       Repelled          |       |       |     2 |     2 |     2 ||     6
Block: Buckler           |       |       |       |       |   128 ||   128

Table legend: (Time is in decaauts)
 A = Elapsed time spent in this place.
 B = Non-inter-level travel time spent in this place.
 C = Inter-level travel time spent in this place.
 D = Time resting spent in this place.
 E = Time spent auto-exploring this place.
 F = Levels seen in this place.
 G = Mean time per level.
                   A        B        C        D        E       F      G
               +--------+--------+--------+--------+--------+-----+--------+
         Total |  26191 |  24095 |   2096 |   7116 |  13017 |  23 | 1138.7 |
       Dungeon |  16696 |  15008 |   1688 |   4760 |   7908 |  12 | 1391.3 |
          Lair |   8472 |   8075 |    397 |   2356 |   4418 |   6 | 1412.0 |
  Orcish Mines |    744 |    734 |     10 |      0 |    541 |   2 |  372.0 |
         Abyss |     83 |     83 |      0 |      0 |     45 |   2 |   41.5 |
         Sewer |    194 |    194 |      0 |      0 |    105 |   1 |  194.0 |
               +--------+--------+--------+--------+--------+-----+--------+

Top non-repeatable levels by time:
     D:6: 2380 daAuts
     D:8: 2190 daAuts
     D:4: 1975 daAuts
  Lair:6: 1884 daAuts
     D:9: 1879 daAuts
     D:2: 1522 daAuts
  Lair:4: 1504 daAuts
  Lair:2: 1452 daAuts
     D:3: 1442 daAuts
  Lair:5: 1419 daAuts
     D:5: 1289 daAuts
    D:11: 1181 daAuts
  Lair:3: 1114 daAuts
     D:7: 1112 daAuts
  Lair:1: 1098 daAuts
